 Dungeon Crawl Stone Soup version 0.30-a0-347-gf58ed5266c (webtiles) character file.

Game seed: 2384610820812151542

136626 avis the Severer (level 17, -2/158 HPs)
             Began as a Hill Orc Monk on Nov 2, 2022.
             Was the Champion of Beogh.
             Slain by an alligator snapping turtle (41 damage)
             ... on level 3 of the Shoals on Nov 6, 2022.
             The game lasted 06:01:21 (34900 turns).

avis the Severer (Hill Orc Monk)                   Turns: 34900, Time: 06:01:23

Health: -2/158     AC: 18    Str: 22    XL:     17   Next: 22%
Magic:  28/28      EV: 11    Int: 10    God:    Beogh [******]
Gold:   1300       SH: 16    Dex: 16    Spells: 16/16 levels left

rFire   + . .      SeeInvis .    a - +7 broad axe (vorpal)
rCold   + . .      Faith    +    K - +2 kite shield {rPois}
rNeg    + . .      Spirit   .    f - +7 pearl dragon scales of the Sparrow {+Blink rN+ Regen+}
rPois   +          Reflect  .    (no helmet)
rElec   .          Harm     .    q - +1 cloak
rCorr   .          Rampage  .    u - +0 pair of gloves {Dex+3}
Will    +....                    n - +0 pair of boots
Stlth   ..........               y - amulet of faith
HPRegen 1.26/turn                e - ring of the Wary Stories {rC+ Slay+5}
MPRegen 0.21/turn                D - ring of protection from fire

@: corroded, studying 2 skills
A: walk on water
a: Renounce Religion, Evoke Blink, Smiting, Recall Orcish Followers, Give Item
to Named Follower, Resurrection


You were on level 3 of the Shoals.
You worshipped Beogh.
Beogh was exalted by your worship.
You visited 6 branches of the dungeon, and saw 27 of its levels.
You also visited: Gauntlet.

You collected 4399 gold pieces.
You spent 3099 gold pieces at shops.

Inventory:

Hand Weapons
 a - a +7 vorpal broad axe (weapon)
 b - a +4 broad axe of electrocution
 i - a +0 spear
 t - a +0 trident of venom
 w - a +3 broad axe of freezing
 z - a +0 trident
 J - a +0 battleaxe
 M - a +0 trident
 R - a +0 spear
 T - the +2 whip of Momyaw {protect, rC+}
   (You took it off a merfolk on level 3 of the Shoals)

   It grants its wielder temporary protection when it strikes (+7 to AC).
   rC:        It protects you from cold.
 U - a +0 spear
 V - a +1 vorpal sling
 W - a +0 trident
Missiles
 C - 28 boomerangs (quivered)
 E - 11 throwing nets
Armour
 f - the +7 pearl dragon scales of the Sparrow (worn) {+Blink rN+ Regen+}
   (You bought it in a shop on level 9 of the Dungeon)

   rN:        It protects you from negative energy.
   +Blink:    It lets you blink.
   Regen:     It increases your rate of health regeneration.
 n - a +0 pair of boots (worn)
 q - a +1 cloak (worn)
 u - a +0 pair of gloves of dexterity (worn)
 K - a +2 kite shield of poison resistance (worn)
Jewellery
 e - the ring of the Wary Stories (left hand) {rC+ Slay+5}
   (You bought it in a shop on level 2 of the Dungeon)

   [ring of protection from cold]

   Slay:      It affects your accuracy & damage with ranged weapons and melee
   (+5).
   rC:        It protects you from cold.
 y - an amulet of faith (around neck)
 D - a ring of protection from fire (right hand)
 N - a ring of flight
Wands
 l - a wand of acid (14)
 m - a wand of paralysis (34)
 o - a wand of flame (2)
 p - a wand of polymorph (10)
 F - a wand of roots (41)
 I - a wand of mindburst (8)
 Y - a wand of digging (4)
Scrolls
 g - 10 scrolls of teleportation
 r - a scroll of fog
 s - 3 scrolls of blinking
 v - 2 scrolls of fear
 A - a scroll of identify
 G - a scroll of enchant weapon
 L - a scroll of poison
 O - 3 scrolls of magic mapping
Potions
 c - 2 potions of ambrosia
 d - 5 potions of lignification
 h - 2 potions of heal wounds
 j - 3 potions of brilliance
 k - 6 potions of cancellation
 x - 3 potions of resistance
 B - a potion of haste
 H - 5 potions of magic
 P - 3 potions of berserk rage
 Q - 6 potions of might
 S - a potion of invisibility
 Z - 8 potions of curing


   Skills:
 - Level 16.0 Fighting
 - Level 18.0 Axes
 + Level 15.2 Armour
 - Level 5.0 Dodging
 - Level 1.5 Stealth
 - Level 15.0 Shields
 - Level 15.0 Invocations
 - Level 10.0 Evocations


You had 16 spell levels left.
You didn't know any spells.
Your spell library contained the following spells:

 Spells                   Type           Power      Damage    Failure   Level
 Shock                    Conj/Air       0%         1d3       83%         1
 Blink                    Tloc           0%         N/A       93%         2
 Cigotuvi's Dreadful Rot  Necr/Pois/Air  0%         N/A       93%         2
 Ensorcelled Hibernation  Hex/Ice        0%         N/A       93%         2
 Momentum Strike          Conj/Tloc      0%         3d8       93%         2
 Passwall                 Tmut/Erth      0%         N/A       93%         2
 Poisonous Vapours        Pois/Air       0%         N/A       93%         2
 Scorch                   Fire           0%         2d5       93%         2
 Call Canine Familiar     Summ           0%         N/A       99%         3
 Lesser Beckoning         Tloc           0%         N/A       99%         3
 Mephitic Cloud           Conj/Pois/Air  0%         N/A       99%         3
 Ozocubu's Armour         Ice            0%         N/A       99%         3
 Portal Projectile        Hex/Tloc       0%         N/A       99%         3
 Summon Guardian Golem    Hex/Summ       0%         N/A       99%         3
 Swiftness                Air            0%         N/A       99%         3
 Airstrike                Air            0%         2d(0-16)  100%        4
 Animate Dead             Necr           0%         N/A       100%        4
 Dispel Undead            Necr           0%         3d6       100%        4
 Flame Wave               Conj/Fire      0%         2d4       100%        4
 Leda's Liquefaction      Hex/Erth       0%         N/A       100%        4
 Freezing Cloud           Conj/Ice/Air   0%         6-21      100%        5
 Metabolic Englaciation   Hex/Ice        0%         N/A       100%        5
 Death Channel            Necr           0%         N/A       100%        6
 Simulacrum               Ice/Necr       0%         N/A       100%        6
 Summon Cactus Giant      Summ           0%         N/A       100%        6
 Haunt                    Necr/Summ      0%         N/A       100%        7
 Summon Hydra             Summ           0%         N/A       100%        7
 Infestation              Necr           0%         N/A       100%        8
 Dragon's Call            Summ           0%         N/A       100%        9
 Polar Vortex             Ice            0%         N/A       100%        9


Dungeon Overview and Level Annotations

Branches:
Dungeon (13/15)            Temple (1/1) D:6            Lair (5/5) D:11
 Shoals (3/4) Lair:2        Snake (3/4) Lair:2        Slime (0/5) Lair:5
    Orc (2/2) D:12            Elf (0/3) Orc:2        Vaults (0/5) D:13
Gauntlet (visited)

Altars:
Ashenzari
Cheibriados
Dithmenos
Elyvilon
Hepliaklqana
Kikubaaqudgha
Makhleb
Nemelex Xobeh
Uskayaw
Wu Jian
Xom
Yredelemnul
Zin
The Shining One
Jiyva

Shops:
D:2 =   D:6 ![(   D:9 [   Orc:2 *(?*   Snake:1 (

Annotations:
Lair:2 3 runed translucent doors, hikkokomori's ghost, journeyman DgEE


Message History

Boruk hits the alligator snapping turtle from afar with the +4 trident "Omuem" {vamp, Stlth+}.
Boruk is healed.
The goliath frog hits Bogbrand but does no damage.
The alligator snapping turtle bites Boruk but does no damage.
Bogbrand hits the alligator snapping turtle with a +0 vampiric demon trident!
Bogbrand is healed.
Boruk hits the alligator snapping turtle with the +4 trident "Omuem" {vamp, Stlth+}!
Boruk is healed.
You feel much better.
The goliath frog hits Bogbrand!
Bogbrand is splashed with acid.
The acid corrodes Bogbrand!
Bogbrand hits the alligator snapping turtle with a +0 vampiric demon trident!
The alligator snapping turtle bites Boruk.
You block the alligator snapping turtle's attack.
The alligator snapping turtle closely misses you.
The goliath frog hits Bogbrand!
Bogbrand is splashed with acid!
Boruk hits the alligator snapping turtle but does no damage.
Bogbrand roars a battlecry!
Boruk goes into a battle-frenzy!
The goliath frog hits Bogbrand!!
Bogbrand is splashed with acid.
Bogbrand seems to be corroded for longer.
The alligator snapping turtle bites you but does no damage.
Boruk hits the alligator snapping turtle with the +4 trident "Omuem" {vamp, Stlth+}!
Boruk is healed.
The alligator snapping turtle bites you!!
* * * LOW HITPOINT WARNING * * *
You slash the alligator snapping turtle!
The alligator snapping turtle is lightly wounded.
You slash the alligator snapping turtle!
The alligator snapping turtle bites you but does no damage.
Bogbrand hits the goliath frog with a +0 vampiric demon trident!
Bogbrand is healed.
The goliath frog hits Bogbrand!
Bogbrand is splashed with acid!
Bogbrand seems to be corroded for longer.
You hit the alligator snapping turtle but do no damage.
The alligator snapping turtle is lightly wounded.
You hit the alligator snapping turtle but do no damage.
Boruk hits the alligator snapping turtle with the +4 trident "Omuem" {vamp, Stlth+}!
You block the alligator snapping turtle's attack.
The alligator snapping turtle bites you!!!
You die...

....~~~~~.........~~~~
~~
~..~~~~~~~........~≈≈~
..
~..~~~~~~..........~~~
~.
~~~~~~(.............~~
~~
~~~~~...^........~..~~
≈≈
~.....≈≈≈≈≈≈o########≈
≈≈ ~..##≈≈≈≈≈≈.o#
####### ≈~
~..##≈≈≈≈≈..####.~~~~##
≈~
~...≈≈≈≈≈..####.@~~~~~#
~
~~.≈≈≈≈≈≈≈.###.ott≈≈~~~#
~
~~~~≈≈≈≈≈≈...~to≈≈≈≈~~~~
P
≈~~≈≈≈≈≈≈≈≈≈≈≈F≈≈≈≈≈≈≈~~
≈
≈≈~~≈≈≈≈≈≈≈≈≈≈≈≈≈≈≈≈≈≈~~
≈
≈≈≈≈≈≈≈≈≈≈~~~~~≈≈≈≈≈≈~~~
≈
≈≈≈≈≈≈≈≈≈~~###~~≈≈≈~~~~~
≈≈≈≈≈≈≈≈≈~~# ##~~~≈~~~##
≈≈≈≈≈≈≈≈≈~~. ~~~~~~~


You could see 3 alligator snapping turtles, a goliath frog (ally target), the
friendly Bogbrand the orc knight (strong, corroded) and the friendly Boruk the
orc knight (strong).

Vanquished Creatures
  Vashnia (Snake:2)
  Mlioglotl (Snake:1)
  A nagaraja (Snake:3)
  Ilsuiw (Shoals:3)
  A minotaur (Gauntlet)
  Snorg (Orc:2)
  3 merfolk javelineers
  A blizzard demon (Gauntlet)
  4 merfolk impalers
  4 vault guards (D:13)
  3 hydras
  A catoblepas (Lair:5)
  A centaur warrior (D:10)
  An ogre mage (D:13)
  2 merfolk avatars
  3 two-headed ogres
  An anaconda (Snake:1)
  13 death yaks
  A naga warrior (Snake:1)
  A deep troll shaman (Lair:5)
  2 satyrs (Shoals:2)
  Urug (D:13)
  2 naga sharpshooters
  4 shock serpents
  A deep elf knight (D:13)
  A spectral merfolk (Shoals:1)
  A salamander mystic (Snake:3)
  3 sea snakes
  A goliath frog (Shoals:3)
  A lindwurm (Lair:4)
  A deep elf archer (D:13)
  8 harpies (Shoals:2)
  A naga ritualist (Snake:2)
  3 ugly things
  2 mana vipers
  A deep elf pyromancer (D:11)
  5 manticores
  10 fauns
  An oklob plant (Lair:1)
  2 salamanders
  A shining eye (Gauntlet)
  6 slime creatures
  The ghost of koil the Trooper, a novice OgCA of Ignis (D:5)
  6 elephants
  A guardian serpent (Snake:2)
  5 cyclopes
  2 naga magi
  2 merfolk sirens
  14 black mambas
  An unseen horror (D:11)
  6 cane toads
  Maggie (D:8)
  A spectral sea snake (Shoals:1)
  2 kobold demonologists (D:11)
  4 rime drakes
  An ice devil (Gauntlet)
  5 komodo dragons
  A spectral harpy (Shoals:1)
  3 wind drakes
  A queen bee (Gauntlet)
  19 merfolk
  3 polar bears
  5 trolls
  Grinder (D:3)
  14 blink frogs
  3 snapping turtles
  3 dream sheep
  2 shadows
  6 water elementals
  A vampire (D:13)
  25 yaks
  2 basilisks
  3 wyverns
  A steam dragon (D:8)
  2 hogs (Lair:3)
  6 vampire mosquitoes (D:13)
  A human (D:13)
  13 wargs
  A harpy simulacrum (Shoals:1)
  11 nagas
  A floating eye (Gauntlet)
  6 water moccasins
  3 hell hounds (D:11)
  13 orc warriors
  4 ice beasts
  A sky beast (D:8)
  2 merfolk simulacra (Shoals:1)
  3 wolves (Lair:5)
  6 centaurs
  6 ogres
  2 kobold brigands
  7 bullfrogs
  2 scorpions
  2 necrophages
  6 gnoll sergeants
  A water nymph simulacrum (Shoals:1)
  11 wights
  7 killer bees
  5 spriggan skeletons (D:11)
  2 electric eels (D:6)
  A vampire bat (D:3)
  A troll skeleton (D:11)
  4 howler monkeys (D:11)
  4 hounds
  4 jellies
  9 orc priests
  Crazy Yiuf (D:3)
  5 gnoll boudas (D:11)
  4 iguanas
  15 orc wizards
  6 adders
  8 gnolls
  A white imp (D:5)
  2 ufetubi
  A worm (D:4)
  14 dart slugs
  10 orcs
  5 ball pythons
  3 bat skeletons (D:3)
  4 bat zombies (D:3)
  11 endoplasms
  2 giant cockroaches (D:1)
  6 goblins
  7 hobgoblins
  8 kobolds
  2 quokkas
  2 training dummies (Snake:1)
  4 bats
  2 frilled lizards (D:1)
  3 rats (D:3)
521 creatures vanquished.

Vanquished Creatures (collateral kills)
  The ghost of Mimusiah the Slayer, an adept HOFi of Hepliaklqana (Snake:2)
  Jorgrun (D:12)
  Polyphemus (Shoals:3)
  Kirke (Lair:3)
  Louise (Shoals:1)
  2 slime creatures (D:13)
  A merfolk impaler (Shoals:2)
  A salamander tyrant (Snake:3)
  2 hydras (Lair:5)
  A catoblepas (Shoals:2)
  An ogre mage (D:11)
  A centaur warrior (D:13)
  2 merfolk aquamancers (Shoals:2)
  A merfolk avatar (Shoals:2)
  A boulder beetle (D:11)
  An alligator snapping turtle (Shoals:3)
  A two-headed ogre (D:11)
  4 anacondas
  A satyr (Shoals:2)
  4 death yaks
  The ghost of Kalirham the Basher, a novice MiBe of Trog (Shoals:1)
  7 naga sharpshooters (Snake:2)
  3 naga warriors (Snake:2)
  3 shock serpents
  A spectral merfolk (Shoals:1)
  4 sea snakes
  4 naga ritualists
  An orc knight (D:13)
  10 harpies (Shoals:2)
  3 mana vipers (Snake:1)
  A cyclops (Shoals:1)
  3 elephants (Lair:4)
  An ugly thing (D:13)
  5 salamanders
  2 manticores
  13 black mambas
  10 fauns
  2 naga magi
  2 water nymphs (Shoals:2)
  5 merfolk sirens
  3 cane toads
  An efreet (D:11)
  A rime drake (Lair:4)
  3 komodo dragons
  A kobold demonologist (D:11)
  2 hornets
  13 merfolk
  2 polar bears
  A wind drake (Shoals:3)
  4 blink frogs
  7 dream sheep
  2 snapping turtles
  2 water elementals
  2 wyverns
  2 wraiths
  13 yaks
  2 vampire mosquitoes (D:13)
  A basilisk (Lair:5)
  A sea snake simulacrum (Shoals:1)
  A warg (D:11)
  11 nagas
  A hell hound (D:11)
  A spectral snapping turtle (Shoals:1)
  5 water moccasins
  3 orc warriors
  A wolf (Lair:5)
  An ogre (Orc:1)
  4 centaurs
  2 gnoll sergeants (D:11)
  3 kobold brigands
  2 bullfrogs
  2 necrophages (D:7)
  3 wights
  4 orc wizards
  2 killer bees (D:7)
  A howler monkey (D:10)
  4 orc priests
  A jelly (Lair:5)
  A gnoll bouda (D:11)
  A gnoll (D:11)
  2 white imps
  6 orcs
  An endoplasm (Lair:5)
  A training dummy (Snake:1)
  A kobold (D:8)
238 creatures vanquished.

Vanquished Creatures (others)
  5 orc knights
  8 orc warriors
  A black mamba (Snake:2)
  3 orc wizards
  2 centaurs (Orc:2)
  An orc priest (D:11)
  A dart slug (D:6)
  23 orcs
  A rat (D:1)
  30 fungi
  87 plants
162 creatures vanquished.

Grand Total: 921 creatures vanquished

Notes
Turn   | Place    | Note
-------+----------+-------------------------------------------
     0 | D:1      | avis the Hill Orc Monk began the quest for the Orb.
     0 | D:1      | Reached XP level 1. HP: 19/19 MP: 1/1
   109 | D:1      | Reached XP level 2. HP: 22/26 MP: 2/2
   156 | D:1      | Reached skill level 5 in Axes
   402 | D:1      | Reached XP level 3. HP: 31/31 MP: 3/3
   983 | D:2      | Identified the +6 chain mail of Fun and Games {Int+2}
  1028 | D:2      | Found Olonots's Jewellery Emporium.
  1110 | D:2      | Found a shimmering altar of Xom.
  1170 | D:2      | Reached skill level 6 in Axes
  1436 | D:3      | Found a glowing golden altar of the Shining One.
  1438 | D:3      | Found a glowing silver altar of Zin.
  1439 | D:3      | Found a white marble altar of Elyvilon.
  1738 | D:3      | Noticed Grinder
  1765 | D:3      | Killed Grinder
  1766 | D:3      | Reached skill level 8 in Axes
  1766 | D:3      | Reached XP level 4. HP: 24/40 MP: 4/4
  1766 | D:3      | Reached XP level 5. HP: 28/46 MP: 5/5
  1766 | D:3      | Reached XP level 6. HP: 32/52 MP: 6/6
  2037 | D:3      | Found an ancient bone altar of Kikubaaqudgha.
  2050 | D:3      | Reached skill level 9 in Axes
  2462 | D:3      | Found a runed translucent door.
  2463 | D:3      | Noticed Crazy Yiuf
  2474 | D:3      | Killed Crazy Yiuf
  3420 | D:5      | Entered Level 5 of the Dungeon
  3462 | D:5      | Reached skill level 10 in Axes
  3462 | D:5      | Reached XP level 7. HP: 59/59 MP: 7/7
  3555 | D:5      | Became a worshipper of Beogh the Brigand
  3555 | D:5      | Reached * piety under Beogh
  3555 | D:5      | Reached ** piety under Beogh
  3669 | D:5      | Reached skill level 1 in Invocations
  3942 | D:5      | Reached skill level 11 in Axes
  4066 | D:5      | Found a runed translucent door.
  4068 | D:5      | Noticed koil's ghost (novice OgCA)
  4109 | D:5      | Found a hazy altar of Hepliaklqana.
  4110 | D:5      | Found a shimmering altar of Xom.
  4111 | D:5      | Noticed a spectral ugly thing
  4145 | D:5      | Found a snail-covered altar of Cheibriados.
  4319 | D:5      | Found a hide-covered altar of Uskayaw.
  4319 | D:5      | Found an ornate altar of the Wu Jian Council.
  4320 | D:5      | Found a sparkling altar of Nemelex Xobeh.
  4382 | D:5      | Reached XP level 8. HP: 53/67 MP: 9/9
  4892 | D:5      | Reached skill level 5 in Fighting
  4971 | D:6      | Reached skill level 12 in Axes
  5268 | D:6      | Found Wuck's Weapon Emporium.
  5335 | D:6      | Reached *** piety under Beogh
  5425 | D:6      | Found a staircase to the Ecumenical Temple.
  5438 | D:6      | Reached skill level 13 in Axes
  5561 | D:6      | Found Kaqefos's Antique Armour Emporium.
  5568 | D:6      | Found a shadowy altar of Dithmenos.
  5684 | D:6      | Reached skill level 14 in Axes
  5684 | D:6      | Reached XP level 9. HP: 43/74 MP: 10/10
  5781 | D:6      | Found Mudeqedd's Distillery.
  5897 | D:6      | Identified the +0 chain mail of the Onion {rPois Str+3
                  | Int+3}
  6012 | Temple   | Entered the Ecumenical Temple
  6089 | D:6      | Found a basalt altar of Yredelemnul.
  6404 | D:7      | Reached skill level 15 in Axes
  6749 | D:7      | Got the Secrets of the Throng and Curses
  6887 | D:7      | Reached skill level 16 in Axes
  7252 | D:7      | Reached skill level 1 in Armour
  7626 | D:8      | Reached **** piety under Beogh
  7924 | D:8      | Noticed Maggie
  7933 | D:8      | Killed Maggie
  7934 | D:8      | Reached skill level 5 in Armour
  8029 | D:8      | Reached XP level 10. HP: 68/81 MP: 11/11
  8969 | D:9      | Noticed a two-headed ogre
  8978 | D:9      | Killed a two-headed ogre
  8979 | D:9      | Reached skill level 5 in Dodging
  9259 | D:9      | Reached skill level 5 in Invocations
  9480 | D:9      | Found Susanowo's Dragon-Slaying Spoils.
  9888 | D:10     | Entered Level 10 of the Dungeon
 10349 | D:10     | Reached skill level 10 in Invocations
 10349 | D:10     | Reached XP level 11. HP: 74/88 MP: 18/18
 10400 | D:10     | Gained Norbak as an ally
 10553 | D:10     | Noticed a two-headed ogre
 10561 | D:10     | Killed a two-headed ogre
 11044 | D:10     | Noticed a centaur warrior
 11051 | D:10     | Killed a centaur warrior
 11423 | D:6      | Identified a scroll of acquirement
 11423 | D:6      | Acquired 920 gold pieces
 11709 | D:2      | Bought the ring of the Wary Stories {rC+ Slay+5} for 583
                  | gold pieces
 12296 | D:11     | Noticed a deep elf pyromancer
 12299 | D:11     | Noticed a red ugly thing
 12306 | D:11     | Killed a red ugly thing
 12310 | D:11     | Killed a deep elf pyromancer
 12311 | D:11     | Reached skill level 17 in Axes
 12578 | D:11     | Noticed a cyclops
 12588 | D:11     | Killed a cyclops
 12596 | D:11     | Reached ***** piety under Beogh
 12684 | D:11     | Reached skill level 18 in Axes
 12713 | D:11     | Noticed an ogre mage
 12714 | D:11     | Noticed a two-headed ogre
 12714 | D:11     | Noticed a cyclops
 12718 | D:11     | Noticed a two-headed ogre
 12723 | D:11     | Killed a cyclops
 12723 | D:11     | Killed an ogre mage
 12724 | D:11     | Reached skill level 10 in Fighting
 12724 | D:11     | Reached XP level 12. HP: 27/106 MP: 19/19
 12725 | D:11     | HP: 4/106 [troll (5)]
 12728 | D:11     | Killed a two-headed ogre
 12731 | D:11     | Killed a two-headed ogre
 12804 | D:11     | Gained Urtork as an ally
 13178 | D:11     | Found a staircase to the Lair.
 13235 | D:11     | Acquired 598 gold pieces
 13266 | D:11     | Noticed a boulder beetle
 13277 | D:11     | Killed a boulder beetle
 13278 | D:11     | Reached skill level 1 in Shields
 13691 | D:9      | Bought the +7 pearl dragon scales of the Sparrow {+Blink
                  | rN+ Regen+} for 1316 gold pieces
 13954 | Lair:1   | Entered Level 1 of the Lair of Beasts
 13954 | Lair:1   | Found the +8 trident of the Octopus King {venom, rElec
                  | rPois}
 14293 | Lair:1   | Identified the +4 trident "Omuem" {vamp, Stlth+}
 14336 | Lair:1   | Reached skill level 5 in Shields
 14349 | Lair:1   | Gained Boruk as an ally
 15327 | D:6      | Bought a potion of degeneration for 10 gold pieces
 15327 | D:6      | Bought a potion of lignification for 30 gold pieces
 15327 | D:6      | Bought 2 potions of heal wounds for 100 gold pieces
 15327 | D:6      | Bought 2 potions of heal wounds for 100 gold pieces
 15327 | D:6      | Bought 2 potions of curing for 60 gold pieces
 15327 | D:6      | Bought a potion of curing for 30 gold pieces
 15327 | D:6      | Bought a potion of berserk rage for 50 gold pieces
 15452 | Lair:2   | Found a staircase to the Snake Pit.
 15499 | Lair:2   | Gained Okrist as an ally
 15613 | Lair:2   | Found a runed translucent gate.
 15614 | Lair:2   | Found a runed translucent gate.
 15614 | Lair:2   | Noticed hikkokomori's ghost (journeyman DgEE)
 15615 | Lair:2   | Found a runed translucent gate.
 15615 | Lair:2   | Noticed a five-headed hydra
 15615 | Lair:2   | Noticed a boulder beetle
 15913 | Lair:2   | Found a staircase to the Shoals.
 16323 | D:12     | Noticed Jorgrun
 16332 | D:12     | Killed Jorgrun
 16333 | D:12     | Reached XP level 13. HP: 79/118 MP: 20/20
 16463 | D:12     | Reached ****** piety under Beogh
 16995 | D:12     | Found a staircase to the Orcish Mines.
 17103 | Orc:1    | Entered Level 1 of the Orcish Mines
 17460 | Orc:2    | Entered Level 2 of the Orcish Mines
 17503 | Orc:2    | Found a gate leading to a gauntlet.
 17512 | Gauntlet | Entered a Gauntlet
 17512 | Gauntlet | Found a transporter.
 17523 | Gauntlet | Found a transporter.
 17539 | Gauntlet | Found a transporter.
 17541 | Gauntlet | Found a transporter.
 17545 | Gauntlet | Noticed a blizzard demon
 17553 | Gauntlet | Found a transporter.
 17568 | Gauntlet | Found a transporter.
 17572 | Gauntlet | Found a transporter.
 17591 | Gauntlet | Found the amulet of the Four Winds {rN+ Will+++ Clar}
 17592 | Gauntlet | Found a transporter.
 17595 | Gauntlet | Noticed a blizzard demon
 17596 | Gauntlet | Found a transporter.
 17615 | Gauntlet | Found a transporter.
 17622 | Gauntlet | Found a transporter.
 17622 | Gauntlet | Found a transporter.
 17652 | Gauntlet | Found a transporter.
 17660 | Gauntlet | Found a transporter.
 17923 | Gauntlet | Killed a blizzard demon
 17931 | Gauntlet | Reached skill level 10 in Shields
 17966 | Gauntlet | Noticed a minotaur
 17973 | Gauntlet | Killed a minotaur
 18191 | Orc:2    | Found a staircase to the Elven Halls.
 18556 | Lair:3   | Identified the +10 dagger of the Living Dead {freeze,
                  | Str+6}
 18647 | Lair:3   | Reached skill level 10 in Armour
 19083 | Lair:3   | Noticed Kirke
 19095 | Lair:3   | Killed Kirke
 19245 | Lair:4   | Reached XP level 14. HP: 103/126 MP: 21/21
 19512 | Lair:4   | You fall into a shaft and drop 1 floor!
 19512 | Lair:5   | Entered Level 5 of the Lair of Beasts
 20467 | Lair:5   | Identified the +3 leather armour of Foteli {Dex+5 Stlth+}
 20469 | Lair:5   | Found a staircase to the Slime Pits.
 20470 | Lair:5   | Found a viscous altar of Jiyva.
 20614 | Lair:5   | Reached skill level 15 in Shields
 20614 | Lair:5   | Gained Syrus as an ally
 20685 | Lair:5   | Identified the +12 shortbow of Doors {flame, rF- rCorr
                  | Str+2 Dex+2}
 22146 | Snake:1  | Entered Level 1 of the Snake Pit
 22247 | Snake:1  | Identified the +2 ring mail of Supple Strength {rC++ Regen+
                  | Stlth+}
 22467 | Snake:1  | Reached XP level 15. HP: 134/139 MP: 20/22
 22697 | Snake:1  | Found Ithruallaz's Firing Range.
 22719 | Snake:1  | Bought 2 throwing nets for 78 gold pieces
 22719 | Snake:1  | Bought a throwing net for 39 gold pieces
 22744 | Snake:1  | Noticed Mlioglotl
 22756 | Snake:1  | Killed Mlioglotl
 22757 | Snake:1  | Reached skill level 15 in Fighting
 23229 | Snake:2  | Noticed Vashnia
 24761 | Snake:2  | Killed Vashnia
 24927 | Lair:1   | Upgraded the game from 0.30-a0-341-g682706514a to
                  | 0.30-a0-347-gf58ed5266c
 24998 | Shoals:1 | Entered Level 1 of the Shoals
 25151 | Shoals:1 | Found a runed translucent gate.
 25157 | Shoals:1 | Found a runed translucent gate.
 25164 | Shoals:1 | Noticed Louise
 25179 | Shoals:1 | Killed Louise
 25902 | Shoals:1 | Found a runed translucent gate.
 25902 | Shoals:1 | Noticed Kalirham's ghost (novice MiBe)
 25939 | Shoals:1 | Killed Kalirham's ghost
 25962 | Shoals:1 | Acquired a manual of Invocations
 26477 | Shoals:2 | Reached XP level 16. HP: 149/149 MP: 24/24
 26573 | Shoals:2 | Reached skill level 15 in Armour
 26582 | Shoals:2 | Your ally Okrist died
 26590 | Shoals:2 | HP: 7/149 [satyr/arrow (14)]
 27339 | Orc:2    | Found Kauj's Weapon Shoppe.
 27339 | Orc:2    | Found Fuez's Magic Scroll Boutique.
 27341 | Orc:2    | Found Ifivabuq's Assorted Antiques.
 27343 | Orc:2    | Found Sechuc's Assorted Antiques.
 27375 | Orc:2    | Noticed Snorg
 27397 | Orc:2    | Gained Zartorak as an ally
 27400 | Orc:2    | Killed Snorg
 27401 | Orc:2    | Reached skill level 1 in Evocations
 27526 | Orc:2    | Bought a +3 broad axe of freezing for 314 gold pieces
 27934 | Orc:2    | Bought a scroll of identify for 26 gold pieces
 27934 | Orc:2    | Bought a scroll of identify for 26 gold pieces
 27934 | Orc:2    | Bought a scroll of identify for 26 gold pieces
 27934 | Orc:2    | Bought a scroll of identify for 26 gold pieces
 28312 | Snake:2  | Found a basalt altar of Yredelemnul.
 28340 | Snake:2  | Gained Warrok as an ally
 28463 | Snake:2  | Found a transporter.
 28463 | Snake:2  | Noticed Mimusiah's ghost (adept HOFi)
 28467 | Snake:2  | Found a transporter.
 28940 | Shoals:2 | Gained Brunolf as an ally
 29277 | Shoals:2 | Reached skill level 5 in Evocations
 29881 | D:5      | Killed koil's ghost
 30263 | D:13     | Reached skill level 15 in Invocations
 30426 | D:13     | Noticed Urug
 30435 | D:13     | Killed Urug
 30844 | D:13     | Gained Bogrim as an ally
 30947 | D:13     | Found a gate to the Vaults.
 31206 | Orc:2    | Bought a scroll of brand weapon for 285 gold pieces
 31450 | Snake:2  | Killed Mimusiah's ghost
 31793 | Snake:3  | Noticed a nagaraja
 31801 | Snake:3  | Killed a nagaraja
 34259 | Shoals:3 | Noticed Ilsuiw
 34270 | Shoals:3 | Killed Ilsuiw
 34277 | Shoals:3 | Reached XP level 17. HP: 110/158 MP: 14/28
 34593 | Shoals:2 | Gained Bogbrand as an ally
 34608 | Shoals:3 | Noticed Polyphemus
 34658 | Shoals:3 | Killed Polyphemus
 34691 | Shoals:3 | Identified the +2 whip of Momyaw {protect, rC+}
 34886 | Shoals:3 | Reached skill level 10 in Evocations
 34900 | Shoals:3 | Slain by an alligator snapping turtle

Illustrated notes

Levels and vault maps discovered:
D:1:      mrwooster_arrival_statue_3, layout_loops_ring
D:2:      layout_rooms, serial_shops, shop, basic_altar,
          small_statue_intersection, minmay_misc_feat_five
D:3:      layout_loops_corners, dreamdust_divine_triumvirate,
          kennysheep_vampire_church, uniq_crazy_yiuf_cottage, uniq_grinder
D:4:      layout_basic
D:5:      layout_basic, regret_index_temple_of_mockery,
          mainiacjoe_overflow_tiny_flanked, gammafunk_temple_overflow_claw,
          ebering_ghost_sewer_d, minmay_strange_pillars
D:6:      kennysheep_slugbush, layout_basic, amcnicky_altar_gilded,
          lemuel_tele_altar, minmay_temple_entry_arrows, serial_shops, shop,
          nicolae_diamond_shop, shop
D:7:      layout_basic
D:8:      layout_gridville, uniq_maggie
D:9:      layout_long_grid, nicolae_shop_dragon_depot, st_stairs_13
D:10:     layout_loops_corners
D:11:     lemuel_castle_with_subvaults [lemuel_castle_interior_carwin_2],
          layout_stronghold, erik_lair_orcish_takeover, hangedman_tell_no_tales
D:12:     layout_loops_ring, orc_0_dummy, uniq_jorgrun
D:13:     layout_basic, grunt_vaults_entry_fortified, uniq_frances, uniq_urug
Temple:   chequers_temple_sunken
Lair:1:   layout_regular_city, grunt_megastairs_4, infiniplex_staircase_pool
Lair:2:   layout_roguey, minmay_shoals_entry_hut,
          minmay_snake_entry_guardpost_small, gammafunk_ghost_split
Lair:3:   layout_loops_ring, uniq_kirke
Lair:4:   layout_gridlike, serial_bayou_shore_b, grunt_megastairs_2
Lair:5:   grunt_lair_end_beastmaster, layout_regular_city,
          nicolae_slime_entry_slimehenge, grunt_megastairs_1, lemuel_fruit_tree
Shoals:1: layout_shoals, gammafunk_ghost_necromancy, uniq_louise
Shoals:2: cheibrodos_shoals_oceanic_diplomacy, layout_shoals
Shoals:3: cheibrodos_shoals_epimethial_gifts, layout_shoals,
          nicolae_shoals_goliath_grotto, uniq_ilsuiw, uniq_polyphemus,
          uniq_bai_suzhen
Snake:1:  layout_misc_corridors, nicolae_shop_firing_range, uniq_mlioglotl
Snake:2:  layout_onion_interference, gammafunk_ghost_arena, basic_altar,
          uniq_vashnia
Snake:3:  layout_chambers
Orc:1:    layout_caves
Orc:2:    st_orc_rangers, layout_caves, gauntlet_entry_generic, uniq_snorg

Skill      XL: |  1  2  3  4  5  6  7  8  9 10 11 12 13 14 15 16 17 |
---------------+----------------------------------------------------+-----
Axes           | 5 8 10 11 14 16 18 | 18.0
Fighting       | 4 5 10 12 14 15 16 | 16.0
Invocations    | 2 10 11 15 | 15.0
Armour         | 5 6 10 14 15 | 15.2
Dodging        | 3 5 |  5.0
Shields        | 8 12 15 | 15.0
Evocations     | 8 10 | 10.0
Stealth        | |  1.5

Action                   |  1- 3 |  4- 6 |  7- 9 | 10-12 | 13-15 | 16-18 || total
-------------------------+-------+-------+-------+-------+-------+-------++-------
Melee: Hand axe          |    88 |       |       |       |       |       ||    88
       War axe           |    25 |    69 |   221 |   111 |    17 |       ||   443
       Punch             |       |       |       |     3 |       |       ||     3
       Broad axe         |       |       |       |   252 |   595 |   314 ||  1161
Throw: Boomerang         |       |       |    17 |     3 |       |     7 ||    27
Invok: Convert to Beogh  |       |       |     1 |       |       |       ||     1
       Smiting           |       |       |       |     7 |    11 |     8 ||    26
       Recall Orcish Fol |       |       |       |     8 |    18 |    14 ||    40
       Give Item to Name |       |       |       |     3 |     2 |     6 ||    11
       Resurrection      |       |       |       |       |     2 |     1 ||     3
       Stop Recall       |       |       |       |       |     7 |     6 ||    13
Evoke: Wand              |       |       |       |       |     5 |     4 ||     9
  Use: Potion            |     1 |       |       |     9 |     2 |     7 ||    19
       Scroll            |       |       |     7 |    18 |     6 |     5 ||    36
 Stab: Sleeping          |     1 |       |       |       |       |       ||     1
       Distracted        |       |       |       |     5 |     9 |     4 ||    18
       Petrifying        |       |       |       |       |       |     1 ||     1
Armor: Robe              |     5 |       |       |       |       |       ||     5
       Ring mail         |    11 |       |       |       |       |       ||    11
       Chain mail        |    18 |    47 |   148 |   142 |       |       ||   355
       Pearl dragon scal |       |       |       |    26 |   278 |   174 ||   478
Dodge: Dodged            |    44 |    25 |    78 |   109 |   217 |   128 ||   601
Block: Kite shield       |       |       |       |    50 |   549 |   315 ||   914

Table legend: (Time is in decaauts)
 A = Elapsed time spent in this place.
 B = Non-inter-level travel time spent in this place.
 C = Inter-level travel time spent in this place.
 D = Time resting spent in this place.
 E = Time spent auto-exploring this place.
 F = Levels seen in this place.
 G = Mean time per level.
                   A        B        C        D        E       F      G
               +--------+--------+--------+--------+--------+-----+--------+
         Total |  34892 |  27569 |   7323 |   4200 |  11168 |  28 | 1246.1 |
       Dungeon |  16932 |  13382 |   3550 |   2512 |   7015 |  13 | 1302.5 |
        Temple |     95 |     87 |      8 |      0 |      0 |   1 |   95.0 |
          Lair |   6981 |   4959 |   2022 |     78 |   2671 |   5 | 1396.2 |
        Shoals |   3015 |   2583 |    432 |    122 |      0 |   3 | 1005.0 |
     Snake Pit |   5095 |   4240 |    855 |   1439 |   1234 |   3 | 1698.3 |
  Orcish Mines |   2248 |   1794 |    454 |      0 |    248 |   2 | 1124.0 |
      Gauntlet |    523 |    523 |      0 |     49 |      0 |   1 |  523.0 |
               +--------+--------+--------+--------+--------+-----+--------+

Top non-repeatable levels by time:
  Lair:1: 2825 daAuts
 Snake:1: 2554 daAuts
    D:11: 2025 daAuts
     D:6: 1966 daAuts
     D:5: 1826 daAuts
    D:10: 1654 daAuts
  Lair:2: 1569 daAuts
     D:3: 1500 daAuts
   Orc:2: 1435 daAuts
Shoals:2: 1435 daAuts
 Snake:3: 1354 daAuts
     D:8: 1309 daAuts
     D:7: 1305 daAuts
     D:9: 1224 daAuts
Shoals:1: 1212 daAuts
